AoeStats
← 一条固执的鱼

Highland

506836784Analyzed
3v3 RM · 16d ago on Sep 15, 2026· 51m 26s· 6 players
Game mode
Random Map
Map size
Normal (6 player)
Population
200
Speed
Normal
Resources
Standard
Victory
Conquest
Starting age
Dark Age
Ending age
Imperial Age
RankedLock teamsTeams togetherTeam positionsShared explorationLock speedFull tech treeHidden civsTurbo modeCheats
Victory
Defeat
🇨🇿 Koreans · Czechia
1316
+13
🇩🇪 Spanish · Germany
1232
+17
🇹🇼 Lithuanians · Taiwan
1177
+20
🇨🇳 Byzantines · China
1270
-17
🇨🇳 Britons · China
1256
-17
🇨🇳 Malay · China
1232
-16
bwinner
8:33 Loom
10:19 Feudal Age
18:41 Castle Age
23:15 Fletching
29:57 Wheelbarrow
31:25 Town Watch
43:29 Imperial Age
41:50 Padded Archer Armor
46:27 Hand Cart
46:00 Double-Bit Axe
椎名真晝我婆
7:02 Loom
9:50 Feudal Age
10:56 Double-Bit Axe
16:08 Castle Age
13:57 Fishing Lines
14:38 Gold Mining
14:39 Horse Collar
16:34 Town Watch
17:35 Bow Saw
18:25 Wheelbarrow
19:16 Scale Barding Armor
21:31 Bloodlines
26:25 Heavy Plow
27:07 Hand Cart
27:43 Chain Barding Armor
27:34 Forging
27:47 Husbandry
31:05 Iron Casting
40:33 Imperial Age
41:45 Conscription
41:45 Guilds
41:03 Cavalier
42:21 Plate Barding Armor
43:41 Chemistry
42:22 Treadmill Crane
42:53 Masonry
42:28 Paladin
44:00 Coinage
43:30 Caravan
44:33 Hoardings
45:42 Banking
47:45 Two-Man Saw
48:18 Light Cavalry
48:53 Fletching
49:31 Winged Hussar
dulinek
4:16 Loom
10:17 Feudal Age
11:12 Double-Bit Axe
13:21 Gold Mining
17:21 Castle Age
19:11 Fletching
19:54 Town Watch
20:59 Bow Saw
25:02 Elite Skirmisher
26:11 Bodkin Arrow
27:15 Wheelbarrow
30:20 Hand Cart
35:02 Imperial Age
33:56 Town Patrol
33:52 Stone Mining
33:48 Horse Collar
34:59 Ballistics
37:15 Chemistry
39:10 Bracer
50:39 Two-Man Saw
一条固执的鱼
6:56 Loom
9:48 Feudal Age
10:25 Double-Bit Axe
13:06 Fletching
14:51 Wheelbarrow
22:00 Castle Age
20:40 Padded Archer Armor
20:36 Horse Collar
21:35 Gold Mining
23:02 Bow Saw
22:20 Crossbowman
23:18 Bodkin Arrow
29:09 Ballistics
40:31 Heavy Plow
47:31 Imperial Age
45:32 Stone Mining
46:41 Yeomen
46:58 Leather Archer Armor
47:21 Hand Cart
47:51 Arbalester
49:49 Chemistry
48:54 Bracer
51:13 Ring Archer Armor
809591945
10:07 Feudal Age
10:34 Loom
14:22 Castle Age
12:55 Double-Bit Axe
18:00 Horse Collar
20:22 Medium Warships
22:01 Bow Saw
22:16 Forging
24:00 Town Watch
24:30 Fishing Lines
25:54 Gold Mining
25:54 Stone Mining
27:34 Iron Casting
28:03 Wheelbarrow
31:28 Imperial Age
29:46 Careening
30:54 Heavy Plow
30:40 Elite Karambit Warrior
31:51 Hand Cart
32:13 Conscription
32:21 Squires
33:33 Blast Furnace
40:33 Thalassocracy
42:06 Heavy Warships
48:19 Pikeman
49:37 Padded Archer Armor
49:27 Fletching
49:30 Elite Skirmisher
50:16 Thumb Ring
沉着 冷静
6:58 Loom
9:20 Feudal Age
10:02 Double-Bit Axe
15:42 Horse Collar
20:34 Castle Age
18:40 Fletching
24:40 Gold Mining
25:01 Bow Saw
28:25 Imperial Age
26:10 Bodkin Arrow
26:16 Padded Archer Armor
26:18 Elite Skirmisher
27:04 Thumb Ring
30:16 Chemistry
29:19 Bracer
29:53 Leather Archer Armor
33:09 Ballistics
34:40 Wheelbarrow
41:25 Scale Mail Armor
42:34 Murder Holes
43:13 Chain Mail Armor
43:08 Forging
43:13 Squires
44:04 Forging
43:59 Pikeman
45:23 Plate Mail Armor
46:33 Halberdier
48:58 Iron Casting
Connection lost

Rejoining the realm…

Still unreachable

The connection could not be restored.

Session expired

The server has moved on; the page needs a fresh start.